 Dungeon Crawl Stone Soup version 0.27.1-1-g398f81649c (webtiles) character file.

Game seed: 13837635396423659866

380 Kinoniko the Cudgeller (level 6, -4/51 HPs)
             Began as a Minotaur Berserker on Sept 9, 2021.
             Was a Priest of Trog.
             Slain by a gnoll (11 damage)
             ... on level 4 of the Dungeon.
             The game lasted 00:02:37 (3258 turns).

Kinoniko the Cudgeller (Minotaur Berserker)         Turns: 3258, Time: 00:02:38

Health: -4/51      AC: 10    Str: 21    XL:     6   Next: 46%
Magic:  5/5        EV:  9    Int:  6    God:    Trog [***...]
Gold:   224        SH:  0    Dex: 16    Spells: 5/5 levels left

rFire    + . .     SeeInvis .   a - +2 flail (protect)
rCold    . . .     Faith    .   (no shield)
rNeg     . . .     Spirit   .   c - +0 chain mail
rPois    .         Reflect  .   (helmet restricted)
rElec    .         Harm     .   (no cloak)
rCorr    .         Rampage  .   k - +0 pair of gloves
Will     ++...     Clarity  +   (no boots)
Stlth    ..........             (no amulet)
HPRegen  1.17/turn              s - +6 ring of dexterity
MPRegen  0.09/turn              (no ring)

@: strong-willed, on berserk cooldown, regenerating, slowed, very slow
A: horns 2, retaliatory headbutt, clarity, fire resistance 1
a: Renounce Religion, Berserk, Trog's Hand


You were on level 4 of the Dungeon.
You worshipped Trog.
Trog was most pleased with you.
You visited 1 branch of the dungeon, and saw 4 of its levels.

You collected 224 gold pieces.

Inventory:

Hand Weapons
 a - a +2 flail of protection (weapon)
 j - a +0 flail
Armour
 c - a +0 chain mail (worn)
 k - a +0 pair of gloves (worn)
 t - a +0 buckler
Jewellery
 s - a +6 ring of dexterity (left hand)
Scrolls
 d - a scroll of holy word {unknown}
 e - a scroll of brand weapon {unknown}
 f - a scroll of noise {unknown}
 g - a scroll of teleportation {unknown}
 h - 2 scrolls of magic mapping {unknown}
 n - a scroll of enchant weapon {unknown}
 o - a scroll of fog {unknown}
 r - a scroll of identify {unknown}
 v - a scroll of immolation {unknown}
Potions
 b - a potion of might {unknown}
 i - a potion of heal wounds {unknown}
 m - a potion of curing
 p - a potion of haste {unknown}
 q - a potion of lignification {unknown}
 u - a potion of resistance {unknown}


   Skills:
 - Level 3.6 Fighting
 * Level 6.8 Maces & Flails
 + Level 4.4 Armour
 + Level 4.2 Dodging


You had 5 spell levels left.
You didn't know any spells.
Your spell library was empty.

Dungeon Overview and Level Annotations

Branches:
Dungeon (4/15)
 Temple: D:4-7

Altars:


Innate Abilities, Weirdness & Mutations

You have a pair of horns on your head.
You reflexively headbutt those who attack you in melee.
You possess an exceptional clarity of mind.
Your flesh is heat resistant. (rF+)


Message History

The gnoll hits you but does no damage. x2
The gnoll hits you from afar with a +0 halberd.
The gnoll barely misses you.
The gnoll hits you but does no damage. x2
Your chain mail prevents you from hitting the gnoll.
Your headbutt misses the gnoll.
The gnoll is almost dead.
The gnoll barely misses you. The gnoll closely misses you.
You furiously retaliate!
You headbutt the gnoll!
You kill the gnoll!
Trog accepts your kill. The gnoll hits you but does no damage.
The gnoll barely misses you.
You barely miss the orc priest.
You headbutt the orc priest, but do no damage.
The orc priest hits you with a +0 flail.
The gnoll barely misses you. The gnoll hits you but does no damage.
The gnoll hits you from afar with a +0 halberd!
The orc priest misses you.
You closely miss the orc priest. You headbutt the orc priest!
The orc priest is severely wounded.
The gnoll hits you but does no damage.
The gnoll hits you from afar with a +0 halberd!
The orc priest mumbles some strange prayers to Beogh against you.
Beogh smites you! The gnoll hits you but does no damage.
You hear a shout!
It was a potion of curing.
You feel better. The orc priest misses you.
The gnoll hits you from afar with a +0 halberd.
The gnoll barely misses you.
The orc priest hits you but does no damage.
The gnoll closely misses you.
Your skin crawls.
You feel strong-willed.
The gnoll hits you from afar with a +0 halberd! x2
* * * LOW HITPOINT WARNING * * *
The orc priest hits you but does no damage.
The gnoll hits you from afar with a +0 halberd.
* * * LOW HITPOINT WARNING * * *
It was a potion of mutation.
You feel extremely strange.
You feel resistant to heat.
Your thoughts seem clearer.
The gnoll hits you from afar with a +0 halberd!
You die... #.. #.# #.# #.### ### ##... ..# ggg

#.# #o# #.# #@#
#.# #)#
#.#####.#### #)#
............ #.#
######.#.##
#.###### #.#.#
#......######.#.#
#.............#.#
######.########.#
#.#.######.#


You could see an orc priest and 3 gnolls.

Vanquished Creatures
  A water moccasin skeleton (D:4)
  A hound (D:4)
  A gnoll shaman (D:4)
  13 gnolls
  5 adders
  3 worms
  3 dart slugs
  6 orcs
  6 endoplasms
  7 giant cockroaches
  5 goblins
  5 hobgoblins
  2 jackals (D:1)
  7 kobolds
  2 quokkas (D:3)
  8 ball pythons
  3 bats
  2 frilled lizards
  A quokka skeleton (D:4)
  6 rats
87 creatures vanquished.

Notes
Turn   | Place    | Note
-------+----------+-------------------------------------------
     0 | D:1      | Kinoniko the Minotaur Berserker began the quest for the
                  | Orb.
     0 | D:1      | Reached XP level 1. HP: 19/19 MP: 0/0
    65 | D:1      | Reached skill level 4 in Maces & Flails
   330 | D:1      | Reached XP level 2. HP: 25/26 MP: 1/1
   983 | D:1      | Reached XP level 3. HP: 31/31 MP: 2/2
  1476 | D:2      | Found a faded altar of an unknown god.
  1496 | D:2      | Reached ** piety under Trog
  1501 | D:2      | Reached skill level 5 in Maces & Flails
  1501 | D:2      | Reached XP level 4. HP: 39/39 MP: 3/3
  2150 | D:2      | Reached XP level 5. HP: 45/45 MP: 4/4
  2966 | D:4      | Reached *** piety under Trog
  3057 | D:4      | Reached skill level 6 in Maces & Flails
  3151 | D:4      | Reached XP level 6. HP: 50/51 MP: 5/5
  3258 | D:4      | Gained mutation: Your flesh is heat resistant. (rF+)
                  | [potion of mutation]
  3258 | D:4      | Gained mutation: You possess an exceptional clarity of
                  | mind. [potion of mutation]
  3258 | D:4      | Slain by a gnoll

Illustrated notes

Levels and vault maps discovered:
D:1:      dpeg_arrival_circle_labyrinth_a, layout_basic, minmay_tripent
D:2:      minmay_chambers_of_twos, layout_loops_ring,
          shapermc_ecumenical_altar_mp_highgroup
D:3:      layout_loops_ring
D:4:      layout_loops_ring

Skill      XL: |  1  2  3  4  5 |
---------------+----------------+-----
Maces & Flails | 4 5 6 |  6.8
Armour         | 3 4 |  4.4
Dodging        | 3 4 |  4.2
Fighting       | |  3.6

Action                   |  1- 3 |  4- 6 || total
-------------------------+-------+-------++-------
Melee: Mace              |    66 |     2 ||    68
       Headbutt          |     6 |    16 ||    22
       Flail             |       |   111 ||   111
Invok: Berserk           |     2 |     3 ||     5
       Trog's Hand       |       |     1 ||     1
  Use: Potion            |       |     2 ||     2
Armor: Chain mail        |    25 |    70 ||    95
       Animal skin       |     1 |       ||     1
Dodge: Dodged            |    31 |    57 ||    88
